 Dungeon Crawl Stone Soup version 0.21-a0-496-g696f58f (webtiles) character file.

41 4thArraOfDagon the Chopper (level 3, 0/31 HPs)
             Began as a Hill Orc Monk on Nov 23, 2017.
             Was a Believer of Cheibriados.
             Slain by an orc wizard
             ... wielding a +0 dagger
              (2 damage)
             ... in the Ecumenical Temple.
             The game lasted 00:02:38 (442 turns).

4thArraOfDagon the Chopper (Hill Orc Monk)           Turns: 442, Time: 00:02:39

Health: 0/31       AC:  5    Str: 17    XL:     3   Next: 52%
Magic:  3/3        EV: 12    Int: 15    God:    Cheibriados [**....]
Gold:   54         SH:  0    Dex: 17    Spells: 2/2 levels left

rFire    . . .     SeeInvis .   a - +0 hand axe
rCold    . . .     Gourm    .   (no shield)
rNeg     . . .     Faith    .   e - +0 ring mail
rPois    .         Spirit   .   (no helmet)
rElec    .         Reflect  .   (no cloak)
rCorr    .         Harm     .   (no gloves)
MR       .....                  (no boots)
Stlth    +.........             (no amulet)
HPRegen  0.10/turn              (no ring)
MPRegen  0.08/turn              (no ring)

@: very slow
A: no striking features
a: Bend Time, Renounce Religion


You were in the Ecumenical Temple.
You worshipped Cheibriados.
Cheibriados was pleased with you.
You were not hungry.

You visited 2 branches of the dungeon, and saw 5 of its levels.

You collected 54 gold pieces.

Inventory:

Hand Weapons
 a - a +0 hand axe (weapon)
Armour
 b - a +0 robe
 e - a +0 ring mail (worn)
Wands
 f - a wand of random effects (19)
Comestibles
 c - a bread ration


   Skills:
 - Level 3.6 Fighting
 * Level 5.9 Axes
 - Level 2.4 Dodging
 - Level 1.5 Stealth


You had 2 spell levels left.
You didn't know any spells.

Dungeon Overview and Level Annotations

Branches:
Dungeon (5/15)             Temple (1/1) D:5

Altars:
Ashenzari
Cheibriados
Dithmenos
Fedhas
Gozag
Hepliaklqana
Kikubaaqudgha
Makhleb
Nemelex Xobeh
Okawaru
Qazlal
Ru
Sif Muna
Trog
Uskayaw
Vehumet
Wu Jian
Xom
Yredelemnul
Zin
The Shining One


Message History

Really evoke
f - a wand of random effects (22)?
This could place you under penance!
Aiming: Random Effects
Press: ? - help, Shift-Dir - straight line Nothing appears to happen.
The orc hits you but does no damage. Something barely misses you.
Evoke which item? (* to show all) (? for menu, Esc to quit)
Really evoke
f - a wand of random effects (21)?
This could place you under penance!
Aiming: Random Effects
Press: ? - help, Shift-Dir - straight line Something hits you.
* * * LOW HITPOINT WARNING * * *
The orc hits you with a whip.
* * * LOW HITPOINT WARNING * * *
Unknown command.
Evoke which item? (* to show all) (? for menu, Esc to quit)
Really evoke
f - a wand of random effects (20)?
This could place you under penance!
Aiming: Random Effects
Press: ? - help, Shift-Dir - straight line The puff of flame hits something.
Something hits you.
You die...

###............
##......._......
##...............
##......._........
#.................
##......_..........
#..................
#.[o...............
#.@...._.........⌠.
#..{...............
#..................
##......_..........
#.................
##................
##......_........
##..............
###......_.....


You could see an orc.

Vanquished Creatures
  A hound (D:5)
  2 orcs (Temple)
  A hobgoblin (D:2)
  4 jackals
8 creatures vanquished.

Notes
Turn   | Place    | Note
-------+----------+-------------------------------------------
     0 | D:1      | 4thArraOfDagon the Hill Orc Monk began the quest for the Orb.
     0 | D:1      | Reached XP level 1. HP: 19/19 MP: 1/1
    42 | D:2      | You fall through a shaft for 2 floors!
    82 | D:4      | Noticed an ogre
    99 | D:5      | Entered Level 5 of the Dungeon
   105 | D:5      | Noticed a hound
   127 | D:5      | Killed a hound
   127 | D:5      | Reached skill level 5 in Axes
   127 | D:5      | Reached XP level 2. HP: 5/26 MP: 2/2
   127 | D:5      | Reached XP level 3. HP: 6/31 MP: 3/3
   156 | D:5      | Found a staircase to the Ecumenical Temple.
   180 | Temple   | Entered the Ecumenical Temple
   214 | Temple   | Became a worshipper of Cheibriados the Contemplative
   214 | Temple   | Reached * piety under Cheibriados
   214 | Temple   | Reached ** piety under Cheibriados
   442 | Temple   | Slain by an orc wizard

Vault maps used:
D:1:      dpeg_arrival_brainrot
D:2:      old_standard_altar, first_bread
D:4:      grunt_qazlal_clouds
D:5:      minmay_temple_entry_statues_fountains, uniq_sigmund
Temple:   compressed_dpeg_circular_temple

Skill      XL: |  1 |
---------------+----+-----
Axes           | 5 |  5.9
Fighting       | |  3.6
Dodging        | |  2.4
Stealth        | |  1.5

Action                   || total
-------------------------++-------
Melee: Hand axe          ||    48
Evoke: Wand              ||     9
  Use: Scroll            ||     1
 Stab: Paralysed         ||     2
Armor: Ring mail         ||    15
       Robe              ||     2
Dodge: Dodged            ||    47

Table legend:
 A = Spawn XP
 B = Non-spawn XP
 C = Spawn XP percentage of total XP
 D = Spawn monster count
 E = Non-spawn monster count
 F = Spawn count percentage of total count
 G = Total turns spent on level
                    A         B        C        D         E        F      G
               +---------+---------+-------+---------+---------+-------+---------
         Total |       0 |      59 |   0.0 |       0 |       8 |   0.0 |   442
               +---------+---------+-------+---------+---------+-------+---------
           D:1 |       0 |       2 |   0.0 |       0 |       1 |   0.0 |    35
           D:2 |       0 |       2 |   0.0 |       0 |       1 |   0.0 |     7
           D:5 |       0 |      49 |   0.0 |       0 |       4 |   0.0 |    87
        Temple |       0 |       6 |   0.0 |       0 |       2 |   0.0 |   256
               +---------+---------+-------+---------+---------+-------+---------
